 Dungeon Crawl Stone Soup version 0.30-a0-881-g1ff12e1e11 (webtiles) character file.

Game seed: 9533436642365010516

25 lessens the Conjurer (level 3, 0/24 HPs)
             Began as an Octopode Reaver on Mar 14, 2023.
             Slain by a worm (10 damage)
             ... on level 2 of the Dungeon.
             The game lasted 00:02:52 (1246 turns).

lessens the Conjurer (Octopode Reaver)              Turns: 1246, Time: 00:02:53

Health: 0/24       AC:  1    Str: 11    XL:     3   Next: 4%
Magic:  6/6        EV: 13    Int: 15    God:
Gold:   17         SH:  0    Dex: 12    Spells: 5/6 levels left

rFire   . . .      SeeInvis .    a - +0 mace
rCold   . . .      Faith    .    (no shield)
rNeg    . . .      Spirit   .    (helmet restricted)
rPois   .          Reflect  .    (no amulet)
rElec   .          Rampage  .    (no ring)
rCorr   .                        (no ring)
Will    .....                    (no ring)
Stlth   ++                       (no ring)
HPRegen 0.24/turn                (no ring)
MPRegen 0.10/turn                (no ring)
                                 (no ring)
                                 (no ring)

@: no status effects
A: almost no armour, amphibious, 8 rings, camouflage 1, gelatinous body 1,
(nimble swimmer 1), tentacles
a: no special abilities


You were on level 2 of the Dungeon.
You visited 1 branch of the dungeon, and saw 2 of its levels.

You collected 17 gold pieces.

Inventory:

Hand Weapons
 a - a +0 mace (weapon)
Missiles
 e - 11 stones
Scrolls
 d - a scroll of vulnerability {unknown}
 f - a scroll of amnesia {unknown}
Potions
 b - a potion of attraction {unknown}
 c - 3 potions of heal wounds {unknown}
 g - 2 potions of curing {unknown}
 h - a potion of berserk rage {unknown}


   Skills:
 - Level 2.0 Fighting
 - Level 3.0 Maces & Flails
 - Level 2.0 Dodging
 + Level 2.4 Spellcasting
 + Level 3.4 Conjurations
 + Level 1.3 Necromancy


You had 5 spell levels left.
You knew the following spells:

 Your Spells              Type           Power      Damage    Failure   Level
a - Kiss of Death         Conj/Necr      32%        2d7       9%          1

Your spell library contained the following spells:

 Spells                   Type           Power      Damage    Failure   Level
 Magic Dart               Conj           48%        1d5       5%          1
 Searing Ray              Conj           24%        2d5       8%          2
 Momentum Strike          Conj/Tloc      12%        3d8       16%         2
 Hailstorm                Conj/Ice       6%         3d4       32%         3
 Fulminant Prism          Conj/Hex       3%         3d5       71%         4


Dungeon Overview and Level Annotations

Branches:
Dungeon (2/15) Zot: 10744

Altars:


Innate Abilities, Weirdness & Mutations

You cannot wear most types of armour.
You are amphibious.
You can wear up to eight rings at the same time.
Your skin changes colour to match your surroundings (Stealth+).
Your rubbery body absorbs attacks. (AC +1, EV +1)
((You are camouflaged when in or above water. (Stealth+)))
You have tentacles for arms and can constrict up to eight enemies at once.


Message History

Your experience leads to an increase in your attributes!
Increase (S)trength, (I)ntelligence, or (D)exterity?
You feel agile. x2
You hit the rat.
You kill the rat!
No target in view!
No target in view!
You see here a quokka corpse.
Found a pair of gloves.
You see here a +0 pair of gloves.
Done exploring.
(D) Dungeon
Where to? (? - help)
You see here a +0 pair of gloves.
There is an open door here.
There is a stone staircase leading down here.
You climb downwards.
Found a red potion.
There is a stone staircase leading up here.
g - 2 red potions (gained 1)
Found a dagger.
h - a fuming puce potion
Found a hand axe.
Found a stone staircase leading down.
e - 11 stones (gained 4)
A worm comes into view.
A bat comes into view.
The worm bites you!
You hit the worm. You grab the worm.
The worm is lightly wounded.
You constrict the worm. You hit the worm but do no damage.
You squeeze the worm!
The worm is severely wounded.
You constrict the worm. The bat barely misses you. The worm bites you!
You are too injured to fight recklessly!
You are too injured to fight recklessly!
You hit the worm. You squeeze the worm, but do no damage.
The worm is almost dead.
You constrict the worm. The bat closely misses you. The bat misses you.
The worm bites you!
You die...

#..........#
#..........#
#..........#
###..........#
#............#
#........?..
#.....w!.#
##.....@b.#
..........#
..........# .# #.#
..........# #..#
#.#
.......)..###....#
#.#
##...............#
#.#
#.........#######
#.# #.....>......#
#.# ######..#....#
#.##


You could see a worm and a bat.

Vanquished Creatures
  2 bats (D:1)
  2 endoplasms (D:1)
  A goblin (D:1)
  3 hobgoblins (D:1)
  2 jackals (D:1)
  A quokka (D:1)
  3 ball pythons (D:1)
  A frilled lizard (D:1)
  9 rats (D:1)
24 creatures vanquished.

Notes
Turn   | Place    | Note
-------+----------+-------------------------------------------
     0 | D:1      | lessens the Octopode Reaver began the quest for the Orb.
     0 | D:1      | Reached XP level 1. HP: 14/14 MP: 3/3
   233 | D:1      | Reached XP level 2. HP: 19/19 MP: 5/5
   353 | D:1      | Reached skill level 1 in Necromancy
   752 | D:1      | Found a faded altar of an unknown god.
  1080 | D:1      | Reached XP level 3. HP: 21/24 MP: 6/6
  1246 | D:2      | Slain by a worm

Illustrated notes

Levels and vault maps discovered:
D:1:      dpeg_arrival_ratfight, layout_basic,
          dilly_ecumenical_altar_fadedgnrine
D:2:      layout_basic

Skill      XL: |  1  2 |
---------------+-------+-----
Necromancy     | 1 |  1.3
Fighting       | |  2.0
Maces & Flails | |  3.0
Dodging        | |  2.0
Spellcasting   | |  2.4
Conjurations   | |  3.4

Action                     || total
---------------------------++-------
  Melee: Mace              ||    34
         Constrict         ||    10
         Punch             ||     2
         Tentacles         ||     8
   Stab: Sleeping          ||     4
 Armour: Skin              ||     1
  Dodge: Dodged            ||    17

Table legend: (Time is in decaauts)
 A = Elapsed time spent in this place.
 B = Non-inter-level travel time spent in this place.
 C = Inter-level travel time spent in this place.
 D = Time resting spent in this place.
 E = Time spent auto-exploring this place.
 F = Levels seen in this place.
 G = Mean time per level.
                   A        B        C        D        E       F      G
               +--------+--------+--------+--------+--------+-----+--------+
         Total |   1254 |   1200 |     54 |      0 |   1047 |   2 |  627.0 |
       Dungeon |   1254 |   1200 |     54 |      0 |   1047 |   2 |  627.0 |
               +--------+--------+--------+--------+--------+-----+--------+

Top non-repeatable levels by time:
     D:1: 1181 daAuts
     D:2: 73 daAuts
